 Dungeon Crawl Stone Soup version 0.28.0 (webtiles) character file.

Game seed: 18198437117971029987

198 mopl the Grave Robber (level 5, 0/25 HPs)
             Began as a Vine Stalker Necromancer on Feb 14, 2022.
             Slain by an orc (6 damage)
             ... on level 4 of the Dungeon.
             The game lasted 00:06:08 (3469 turns).

mopl the Grave Robber (Vine Stalker Necromancer)    Turns: 3469, Time: 00:06:09

Health: 0/25       AC:  2    Str: 13    XL:     5   Next: 77%
Magic:  0/10       EV: 13    Int: 15    God:
Gold:   105        SH:  0    Dex: 20    Spells: 6/10 levels left

rFire   . . .      SeeInvis .   e - +2 quarterstaff (drain)
rCold   . . .      Faith    .   (shield currently unavailable)
rNeg    + . .      Spirit   +   d - +0 robe
rPois   .          Reflect  .   (no helmet)
rElec   .          Harm     .   (no cloak)
rCorr   .          Rampage  .   (no gloves)
Will    .....                   (no boots)
Stlth   ++........              (no amulet)
HPRegen 0.88/turn               i - +6 ring of dexterity
MPRegen 0.12/turn               r - ring of positive energy

@: no status effects
A: fangs 2, regeneration 1, magic shield, antimagic bite, no potion heal 2
a: no special abilities


You were on level 4 of the Dungeon.
You visited 1 branch of the dungeon, and saw 4 of its levels.

You collected 105 gold pieces.

Inventory:

Hand Weapons
 a - a +0 dagger of speed
 e - a +2 quarterstaff of draining (weapon)
 k - a +0 dagger of freezing
 n - a +3 dagger
Missiles
 p - 14 poisoned darts
Armour
 d - a +0 robe (worn)
 h - a +0 ring mail
Jewellery
 i - a +6 ring of dexterity (left hand)
 r - a ring of positive energy (right hand)
Wands
 j - a wand of flame (6)
Scrolls
 f - 2 scrolls of magic mapping {unknown}
 g - 2 scrolls of enchant weapon {unknown}
 m - 3 scrolls of identify {unknown}
 s - a scroll of torment {unknown}
 t - a scroll of immolation {unknown}
Potions
 b - 3 potions of curing
 c - a potion of berserk rage {unknown}
 l - a potion of heal wounds {unknown}
 o - 2 potions of lignification {unknown}
 q - a potion of flight {unknown}


   Skills:
 + Level 1.2 Fighting
 + Level 1.6 Short Blades
 + Level 1.0 Armour
 + Level 2.1 Dodging
 - Level 2.4 Stealth
 - Level 3.0 Spellcasting
 * Level 5.2 Necromancy


You had 6 spell levels left.
You knew the following spells:

 Your Spells              Type           Power      Damage    Failure   Level
a - Pain                  Necr           72%        1d7       2%          1
b - Vampiric Draining     Necr           18%        2d7       7%          3

Your spell library contained the following spells:

 Spells                   Type           Power      Damage    Failure   Level
 Animate Skeleton         Necr           36%        N/A       2%          1
 Animate Dead             Necr           9%         N/A       22%         4
 Tukima's Dance           Hex            2%         N/A       52%         3
 Agony                    Necr           18%        N/A       54%         5
 Passage of Golubria      Tloc           2%         N/A       89%         4
 Yara's Violent Unravell  Hex/Tmut       1%         3d3       99%         5


Dungeon Overview and Level Annotations

Branches:
Dungeon (4/15)
 Temple: D:4-7

Altars:
Hepliaklqana

Shops:
D:3 (


Innate Abilities, Weirdness & Mutations

You have extremely sharp teeth.
Your natural rate of healing is unusually fast.
When hurt, damage is shared between your health and your magic reserves.
Your bite disrupts and absorbs the magic of your enemies.
Potions cannot restore your health.


Message History

The orc hits you with a +0 dagger.
You barely miss the orc.
The hound barks!
Your bite misses the orc. The orc barely misses you.
The orc hits you with a +0 flail.
You hit the orc. You drain the orc.
The orc is severely wounded.
The orc barely misses you. x2
You barely miss the orc.
The orc is severely wounded.
The hound bites you. The orc hits you with a +0 dagger.
The hound closely misses you.
You hit the orc. You drain the orc.
You kill the orc!
The hound bites you but does no damage. The orc completely misses you.
An orc comes into view. It is wielding a +0 hand axe.
The orc shouts!
You hit the hound. You drain the hound. You bite the hound, but do no damage.
The hound is heavily wounded.
The hound bites you. The orc barely misses you.
The orc hits you with a +0 dagger. The hound bites you but does no damage.
The orc closely misses you. The orc hits you with a +0 dagger.
You sock the hound! You drain the hound.
You kill the hound!
The orc hits you with a +0 flail! The orc misses you.
Your Armour skill increases to level 1!
Unknown command.
You barely miss the orc. You bite the orc, but do no damage.
The orc barely misses you. The orc hits you with a +0 dagger.
You closely miss the orc. The orc hits you with a +0 flail.
The orc hits you with a +0 dagger. The orc barely misses you.
The orc hits you with a +0 dagger.
You hit the orc.
The orc is heavily wounded.
The orc hits you with a +0 flail.
* * * LOW HITPOINT WARNING * * *
The orc hits you with a +0 dagger.
* * * LOW HITPOINT WARNING * * *
The orc hits you with a +0 hand axe!
You die...

..... #..###.......
.....###
#............
......###...#####....
#...................
##.................#
#......#####.......
#....#..# ##......
######..!###....
....... ......o@##
#.....#.....
...##.oo.#
.###.###... #......#
.# .. ... #.......
##.. ... ..........
#...........
##...........
#..........#.


You could see 3 orcs.

Vanquished Creatures
  A water moccasin skeleton (D:4)
  A hound (D:4)
  Jessica (D:2)
  2 orc wizards (D:3)
  3 adders
  An adder skeleton (D:4)
  A dart slug (D:2)
  3 orcs
  14 bats
  6 endoplasms
  3 giant cockroaches
  6 goblins
  5 hobgoblins
  8 jackals
  4 kobolds
  5 quokkas
  10 ball pythons
  6 frilled lizards
  7 rats
87 creatures vanquished.

Notes
Turn   | Place    | Note
-------+----------+-------------------------------------------
     0 | D:1      | mopl the Vine Stalker Necromancer began the quest for the
                  | Orb.
     0 | D:1      | Reached XP level 1. HP: 9/9 MP: 4/4
   527 | D:2      | Reached XP level 2. HP: 12/13 MP: 3/6
   889 | D:1      | Reached XP level 3. HP: 9/16 MP: 6/8
  1122 | D:1      | Learned a level 3 spell: Vampiric Draining
  1162 | D:1      | Reached skill level 3 in Spellcasting
  1366 | D:1      | Reached skill level 1 in Short Blades
  1562 | D:1      | Found a faded altar of an unknown god.
  1578 | D:1      | Prayed at the altar of an unknown god.
  1578 | D:1      | Became a worshipper of Hepliaklqana the Forgotten
  1578 | D:1      | Reached * piety under Hepliaklqana
  1579 | D:1      | Fell from the grace of Hepliaklqana
  2029 | D:2      | Noticed Jessica
  2039 | D:2      | Killed Jessica
  2726 | D:3      | Found Lozalul's Weapon Emporium.
  2818 | D:3      | Was forgiven by Hepliaklqana
  2818 | D:3      | Gained mutation: Your natural rate of healing is unusually
                  | fast. [Vine Stalker growth]
  2818 | D:3      | Reached XP level 4. HP: 7/21 MP: 9/9
  2822 | D:3      | HP: 1/21 [poisoned by an orc]
  3324 | D:3      | Reached XP level 5. HP: 25/25 MP: 8/10
  3391 | D:4      | Reached skill level 1 in Fighting
  3391 | D:4      | Reached skill level 2 in Dodging
  3391 | D:4      | Reached skill level 5 in Necromancy
  3467 | D:4      | Reached skill level 1 in Armour
  3469 | D:4      | Slain by an orc

Illustrated notes

Levels and vault maps discovered:
D:1:      ebering_trefoil_twist, layout_loops_ring,
          nicolae_ecumenical_lake_church
D:2:      layout_rooms, eino_tiny_chamber, minmay_cupped, uniq_jessica
D:3:      layout_basic, serial_shops, shop, grunt_ministairs_12,
          supply_closet_lemuel
D:4:      layout_layer_cave, nicolae_elyvilon_temple_path, minivault_1

Skill      XL: |  1  2  3  4  5 |
---------------+----------------+-----
Spellcasting   | 3 |  3.0
Short Blades   | 1 |  1.6
Fighting       | 1 |  1.2
Dodging        | 2 |  2.1
Necromancy     | 5 |  5.2
Armour         | 1 |  1.0
Stealth        | |  2.4

Action                   |  1- 3 |  4- 6 || total
-------------------------+-------+-------++-------
Melee: Quarterstaff      |   130 |    37 ||   167
       Bite              |    21 |     8 ||    29
 Cast: Pain              |    10 |       ||    10
Invok: Renounce Religion |     1 |       ||     1
  Use: Potion            |       |     1 ||     1
 Stab: Sleeping          |    12 |     2 ||    14
Armor: Robe              |    36 |     3 ||    39
Dodge: Dodged            |   112 |    32 ||   144
